 Dungeon Crawl Stone Soup version 0.28.0-45-g0d030f2227 (webtiles) character file.

Game seed: 10932248114143624733

600 zeratav the Insei (level 7, -4/46 HPs)
             Began as an Octopode Transmuter on Apr 12, 2022.
             Was an Initiate of Ashenzari.
             Slain by a steam dragon (6 damage)
             ... on level 6 of the Dungeon.
             The game lasted 00:14:01 (5866 turns).

zeratav the Insei (Octopode Transmuter)             Turns: 5866, Time: 00:14:02

Health: -4/46      AC:  1    Str: 10    XL:     7   Next: 41%
Magic:  10/10      EV: 14    Int: 15    God:    Ashenzari [......]
Gold:   164        SH:  0    Dex: 14    Spells: 6/10 levels left

rFire   . . .      SeeInvis .   c - +8 woodcutter's axe {vorpal}
rCold   . . .      Faith    .   (no shield)
rNeg    . . .      Spirit   .   (helmet restricted)
rPois   .          Reflect  .   (no amulet)
rElec   .          Harm     .   (no ring)
rCorr   .          Rampage  .   (no ring)
Will    .....                   (no ring)
Stlth   ++++......              (no ring)
HPRegen 0.15/turn               (no ring)
MPRegen 0.12/turn               (no ring)
                                (no ring)
                                (no ring)

@: no status effects
A: almost no armour, amphibious, 8 rings, camouflage 1, gelatinous body 1,
(nimble swimmer 1), tentacles
a: Renounce Religion, Curse Item


You were on level 6 of the Dungeon.
You worshipped Ashenzari.
Ashenzari was noncommittal.
You visited 1 branch of the dungeon, and saw 6 of its levels.

You collected 164 gold pieces.


Innate Abilities, Weirdness & Mutations

You cannot wear most types of armour.
You are amphibious.
You can wear up to eight rings at the same time.
Your skin changes colour to match your surroundings (Stealth+).
Your rubbery body absorbs attacks. (AC +1, EV +1)
((You are camouflaged when in or above water. (Stealth+)))
You have tentacles for arms and can constrict up to eight enemies at once.


   Skills:
 + Level 3.1 Fighting
 + Level 3.6 Dodging
 + Level 4.3 Stealth
 * Level 2.6 Shields
 * Level 5.4 Unarmed Combat
 - Level 2.0 Spellcasting
 - Level 2.0 Transmutations


You had 6 spell levels left.
You knew the following spells:

 Your Spells              Type           Power      Damage    Failure   Level
a - Beastly Appendage     Tmut           14%        N/A       10%         1
b - Spider Form           Tmut/Pois      4%         N/A       41%         3

Your spell library contained the following spells:

 Spells                   Type           Power      Damage    Failure   Level
 Wereblood                Tmut           7%         N/A       14%         2
 Apportation              Tloc           2%         N/A       22%         1
 Magic Dart               Conj           4%         1d3       22%         1
 Call Imp                 Summ           1%         N/A       32%         2
 Scorch                   Fire           2%         2d5       32%         2
 Mephitic Cloud           Conj/Pois/Air  1%         N/A       54%         3
 Ice Form                 Ice/Tmut       4%         N/A       82%         4
 Flame Wave               Conj/Fire      1%         2d4       91%         4
 Alistair's Intoxication  Tmut/Pois      2%         N/A       99%         5
 Summon Cactus Giant      Summ           0%         N/A       100%        6

Inventory:

Hand Weapons
 c - the +8 woodcutter's axe (weapon) {vorpal}
   (You found it on level 2 of the Dungeon)

   It inflicts extra damage upon your enemies.
Armour
 o - a +0 buckler
   (You found it on level 5 of the Dungeon)
Scrolls
 a - 4 scrolls of teleportation {unknown}
 b - 2 scrolls of brand weapon {unknown}
 d - 3 scrolls of identify {unknown}
 e - a scroll of fear {unknown}
 i - a scroll of fog {unknown}
 k - 2 scrolls of immolation {unknown}
 l - 2 scrolls of enchant weapon {unknown}
 n - a scroll of magic mapping {unknown}
 p - a scroll of summoning {unknown}
 q - a scroll of silence {unknown}
 r - a scroll of holy word {unknown}
Potions
 f - 2 potions of attraction {unknown}
 g - a potion of cancellation {unknown}
 h - a potion of flight {unknown}
 j - a potion of heal wounds {unknown}
 m - a potion of curing {unknown}

Dungeon Overview and Level Annotations

Branches:
Dungeon (6/15)
 Temple: D:4-7

Altars:
Ashenzari
Cheibriados
Gozag
Hepliaklqana
Makhleb
Nemelex Xobeh
Okawaru
Qazlal
Vehumet
Wu Jian
Lugonu

Shops:
D:4 *[=

Portals:
Abyss: D:4

Annotations:
D:4 2 runed translucent doors

#.... .. ... ###
###... ..##
...... #...
##....
.#.#..##....
......#.#.#
#.#....D@####
.....§.<....#
.(..............
.......§(.......
......§.........
......§.........
.......§.....>..
................
...............


You could see a steam dragon.


Message History

You slash the bullfrog zombie!
You destroy the bullfrog zombie!
Your transformation is almost over.
No target in view!
No target in view!
No target in view!
No target in view!
No target in view!
No target in view!
No target in view!
No target in view!
No target in view!
No target in view!
No target in view!
Your tentacle spike disappears.
There is an open door here.
There is an open door here.
You open the door.
There is an open door here.
Done exploring.
HP[+12] MP[+1]
Your hp is fully restored (46).
Your mp is fully restored (10).
Done exploring.
(D) Dungeon
Where to? (Enter - D:5 @ (x,y), ? - help)
There is an open door here.
There is an open door here.
There is a stone staircase leading down here.
You climb downwards.
Found a scroll labelled PUMATACANA and a broad axe.
Found an escape hatch in the floor.
There is a stone staircase leading up here.
Search for what [? for help]? ring You climb upwards.
There is a stone staircase leading down here.
There is a stone staircase leading up here.
You climb upwards.
Level annotation: 2 runed translucent doors
There is a stone staircase leading down here.
There is an open door here.
There is an open door here.
There is an entrance to Ylan Laeju's General Store here.
Search for what [Enter for "ring", or ? for help]? ring
There is an entrance to Zevy's Jewellery Shoppe here.
(D) Dungeon
Where to? (Enter - D:4 @ (x,y), ? - help)
There is a stone staircase leading down here.
You climb downwards.
There is a stone staircase leading up here.
(D) Dungeon
Where to? (Enter - D:5, ? - help)
There is a stone staircase leading down here.
You climb downwards.
Found 34 arrows and 2 poisoned darts.
Found a stone staircase leading down.
There is a stone staircase leading up here.
A steam dragon is nearby!
You climb upwards.
There is a stone staircase leading down here.
Casting: Beastly Appendage (safe; 10% risk of failure)
Confirm with . or Enter, or press ? or * to list all spells.
The spell is quite dangerous to miscast (41% risk of failure)!
Continue anyway? [Y]es or [N]o only, please.
The spell is quite dangerous to miscast (41% risk of failure)!
Continue anyway?
Okay, then.
You climb downwards.
There is a stone staircase leading up here.
The helpless steam dragon fails to defend itself.
You hit the steam dragon. The steam dragon breathes steam at you.
The ball of steam hits you!!
HP[-18]
You take 18 damage, and now have 28/46 hp.
MASSIVE DAMAGE!! (PAUSE)
You closely miss the steam dragon.
You are engulfed in a cloud of scalding steam.
The steam dragon closely misses you. The steam dragon claws you.
* * * LOW HITPOINT WARNING * * *
HP[-7]
You take 7 damage, and now have 21/46 hp.
Unknown command.
The steam dragon barely misses you. The steam dragon claws you.
* * * LOW HITPOINT WARNING * * *
HP[-2]
You take 2 damage, and now have 19/46 hp.
You barely miss the steam dragon.
Your tentacle-slap misses the steam dragon.
Your squeeze misses the steam dragon. The steam dragon barely misses you.
The steam dragon claws you.
* * * LOW HITPOINT WARNING * * *
HP[-4]
You take 4 damage, and now have 15/46 hp.
You slash the steam dragon! The steam dragon bites you!
* * * LOW HITPOINT WARNING * * *
The steam dragon claws you.
* * * LOW HITPOINT WARNING * * *
HP[-13]
You take 13 damage, and now have 2/46 hp.
MASSIVE DAMAGE!! (PAUSE)
You slash the steam dragon! The steam dragon bites you.
You die...

Skill      XL: |  1  2  3  4  5  6  7 |
---------------+----------------------+-----
Stealth        | 1 2 3 4 |  4.3
Fighting       | 2 3 |  3.1
Unarmed Combat | 4 5 |  5.4
Dodging        | 3 |  3.6
Shields        | 1 2 |  2.6
Spellcasting   | |  2.0
Transmutations | |  2.0

Action                   |  1- 3 |  4- 6 |  7- 9 || total
-------------------------+-------+-------+-------++-------
Melee: Unarmed           |    78 |    22 |       ||   100
       Kick              |    16 |    17 |     1 ||    34
       Constrict         |    30 |    22 |     3 ||    55
       Tentacles         |    17 |    17 |     5 ||    39
       Punch             |     4 |     1 |       ||     5
       War axe           |       |    68 |    19 ||    87
 Cast: Beastly Appendage |    29 |    26 |     3 ||    58
       Spider Form       |       |     1 |       ||     1
 Stab: Sleeping          |     9 |     9 |     2 ||    20
Armor: Skin              |     5 |     4 |       ||     9
Dodge: Dodged            |    39 |    52 |    16 ||   107

Levels and vault maps discovered:
D:1:      sevenhm_arrival_forest_fort_small_4, layout_basic,
          ebering_ecumenical_altar_abandoned
D:2:      layout_basic, basic_altar
D:3:      layout_basic, uniq_terence, uniq_natasha
D:4:      due_chaos_kobolds, layout_basic, minitemple,
          mainiacjoe_overflow_six_doors_small, serial_shops,
          nicolae_shop_statue_plus, shop_statue, shop
D:5:      layout_loops_cross, mainiacjoe_overflow_24_doors, kennysheep_mini
D:6:      hellmonk_warped_wall, layout_rooms, minmay_temple_entry_hall

Notes
Turn   | Place    | Note
-------+----------+-------------------------------------------
     0 | D:1      | zeratav the Octopode Transmuter began the quest for the
                  | Orb.
     0 | D:1      | Reached XP level 1. HP: 13/13 MP: 3/3
     0 | D:1      | magus.rc [v1.9.6]
   300 | D:1      | Reached XP level 2. HP: 17/18 MP: 3/5
   551 | D:1      | Reached skill level 1 in Stealth
   639 | D:1      | Found a faded altar of an unknown god.
   797 | D:1      | Reached XP level 3. HP: 23/23 MP: 4/6
  1398 | D:2      | Found the +8 woodcutter's axe {vorpal}
  1614 | D:2      | Found an opulent altar of Gozag.
  1642 | D:2      | Reached skill level 2 in Stealth
  1924 | D:2      | Reached XP level 4. HP: 29/29 MP: 5/7
  2095 | D:2      | You fall into a shaft and drop 2 floors!
  2191 | D:4      | Found a snail-covered altar of Cheibriados.
  2397 | D:4      | Found Ylan Laeju's General Store.
  2424 | D:4      | Reached skill level 2 in Fighting
  2424 | D:4      | Reached skill level 4 in Unarmed Combat
  3036 | D:3      | You pick up a book of Party Tricks and begin reading...
  3036 | D:3      | You add the spells Apportation and Alistair's Intoxication
                  | to your library.
  3115 | D:3      | Noticed Natasha
  3128 | D:3      | Killed Natasha
  3129 | D:3      | Reached XP level 5. HP: 27/34 MP: 8/8
  3211 | D:3      | Noticed Terence
  3224 | D:3      | Killed Terence
  3225 | D:3      | Reached skill level 3 in Dodging
  3225 | D:3      | Reached skill level 3 in Stealth
  3439 | D:3      | Noticed Natasha
  3445 | D:3      | Killed Natasha
  3851 | D:4      | Found a large runed translucent door.
  3851 | D:4      | Found a large runed translucent door.
  3853 | D:4      | Found a corrupted altar of Lugonu.
  3885 | D:4      | Found a one-way gate to the infinite horrors of the Abyss.
  3919 | D:4      | Found Qyevom's Antique Armour Shop.
  3920 | D:4      | Found Zevy's Jewellery Shoppe.
  3922 | D:4      | Found a broken altar of Ashenzari.
  3936 | D:4      | Became a worshipper of Ashenzari the Shackled
  3961 | D:4      | You pick up a book of Party Tricks and begin reading...
  3975 | D:4      | Found a hazy altar of Hepliaklqana.
  3975 | D:4      | Found a sparkling altar of Nemelex Xobeh.
  3976 | D:4      | Found a radiant altar of Vehumet.
  3979 | D:4      | Found a burning altar of Makhleb.
  3983 | D:4      | Found a stormy altar of Qazlal.
  4153 | D:4      | You pick up a book of Minor Magic and begin reading...
  4153 | D:4      | You add the spells Magic Dart, Call Imp and Mephitic Cloud
                  | to your library.
  4475 | D:5      | Entered Level 5 of the Dungeon
  4608 | D:5      | Noticed a phantom
  4614 | D:5      | Learned a level 3 spell: Spider Form
  4833 | D:5      | Killed a phantom
  4834 | D:5      | Reached skill level 1 in Shields
  4834 | D:5      | Reached XP level 6. HP: 39/41 MP: 6/9
  4913 | D:5      | Reached skill level 5 in Unarmed Combat
  5046 | D:5      | Found an iron altar of Okawaru.
  5176 | D:5      | Reached skill level 4 in Stealth
  5176 | D:5      | Reached skill level 2 in Shields
  5176 | D:5      | Reached XP level 7. HP: 45/45 MP: 8/10
  5214 | D:5      | Found an ornate altar of the Wu Jian Council.
  5256 | D:5      | Reached skill level 3 in Fighting
  5313 | D:5      | You pick up a book of Scorching and begin reading...
  5313 | D:5      | You add the spells Scorch, Flame Wave and Summon Cactus
                  | Giant to your library.
  5856 | D:6      | Noticed a steam dragon
  5865 | D:6      | HP: 5/46 [steam dragon (10)]
  5865 | D:6      | HP: 2/46 [steam dragon (3)]
  5866 | D:6      | Slain by a steam dragon

Vanquished Creatures
  A centaur (D:5)
  A phantom (D:5)
  A howler monkey (D:5)
  A bullfrog zombie (D:5)
  A bullfrog skeleton (D:5)
  A hound (D:5)
  2 orc priests (D:5)
  A jelly (D:5)
  Natasha (twice) (D:3)
  Terence (D:3)
  A hound skeleton (D:4)
  A howler monkey skeleton (D:4)
  2 adders
  A shadow imp (D:5)
  An adder skeleton (D:4)
  3 worms
  5 dart slugs
  12 orcs
  9 ball pythons
  4 endoplasms
  A giant cockroach (D:4)
  8 goblins
  3 hobgoblins
  3 jackals (D:3)
  4 quokkas
  6 bats
  3 frilled lizards
  9 kobolds
  7 rats
95 creatures vanquished.

Table legend:
 A = Non-vault XP
 B = Vault XP
 C = Vault XP percentage of total XP
 D = Non-vault monster count
 E = Vault monster count
 F = Vault count percentage of total count
                 A         B        C        D         E       F
            +---------+---------+-------+---------+---------+-------
      Total |     786 |      72 |   8.4 |      93 |       2 |   2.1
            +---------+---------+-------+---------+---------+-------
        D:1 |      42 |       0 |   0.0 |      26 |       0 |   0.0
        D:2 |      42 |       0 |   0.0 |      19 |       0 |   0.0
        D:3 |      83 |      72 |  46.5 |      18 |       2 |  10.0
        D:4 |      53 |       0 |   0.0 |      12 |       0 |   0.0
        D:5 |     566 |       0 |   0.0 |      18 |       0 |   0.0
            +---------+---------+-------+---------+---------+-------

Illustrated notes

Table legend:
 A = Kills in this place as a percentage of kills in entire the game.
 B = Kills by you in this place as a percentage of kills by you in the entire game.
 C = Kills by friends in this place as a percentage of kills by friends in the entire game.
 D = Other kills in this place as a percentage of other kills in the entire game.
 E = Experience gained in this place as a percentage of experience gained in the entire game.
 F = Experience gained in this place divided by the number of levels of this place that you have seen.
                   A       B       C       D       E      F
               +-------+-------+-------+-------+-------+----------------------
         Total | 100.0 | 100.0 |   N/A |   N/A | 100.0 | 143.0
       Dungeon | 100.0 | 100.0 |   N/A |   N/A | 100.0 | 143.0
               +-------+-------+-------+-------+-------+----------------------

Table legend: (Time is in decaauts)
 A = Elapsed time spent in this place.
 B = Non-inter-level travel time spent in this place.
 C = Inter-level travel time spent in this place.
 D = Time resting spent in this place.
 E = Time spent auto-exploring this place.
 F = Levels seen in this place.
 G = Mean time per level.
                   A        B        C        D        E       F      G
               +--------+--------+--------+--------+--------+-----+--------+
         Total |   5869 |   5432 |    437 |    355 |   4377 |   6 |  978.2 |
       Dungeon |   5869 |   5432 |    437 |    355 |   4377 |   6 |  978.2 |
               +--------+--------+--------+--------+--------+-----+--------+

Top non-repeatable levels by time:
     D:4: 1234 daAuts
     D:5: 1221 daAuts
     D:3: 1163 daAuts
     D:1: 1157 daAuts
     D:2: 1080 daAuts
     D:6: 10 daAuts
